Map: New Gettysburg LE

Players

llllllllllll - Winner!

  • Race: Protoss Protoss
  • League: Diamond

Shiek

  • Race: Terran Terran
  • League: Diamond

VOD

Have the link to the VOD?

Description

Time

  • Played on: Oct. 9, 2016, 2:14 p.m.
  • Length: 17:30
Show
View Real Time Build Order
Export as new Build Order

llllllllllll Protoss - Winner!

Build Orders:  

Get SALT Encoding   

  12  0:01  Probe (Chrono Boost)  
  13  0:11  Probe (Chrono Boost)  
  14  0:19  Pylon  
  14  0:24  Probe (Chrono Boost)  
  15  0:37  Probe (Chrono Boost)  
  15  0:41  Forge  
  16  0:51  Pylon  
  16  1:15  Photon Cannon  
  16  1:16  Gateway  
  15  1:21  Pylon  
  15  1:38  Photon Cannon  
  14  1:43  Probe (Chrono Boost)  
  15  1:55  Assimilator  
  15  2:09  Gateway  
  15  2:15  Pylon  
  15  2:37  Photon Cannon  
  15  2:38  Photon Cannon  
  15  2:41  Pylon  
  16  2:44  Probe (Chrono Boost)  
  16  2:55  Probe (Chrono Boost)  
  17  3:05  Probe (Chrono Boost)  
  18  3:16  Photon Cannon, Probe (Chrono Boost)  
  19  3:31  Probe (Chrono Boost)  
  20  3:41  Probe (Chrono Boost)  
  21  3:53  Probe (Chrono Boost)  
  21  3:58  Cybernetics Core  
  21  3:59  Photon Cannon  
  21  4:03  Probe (Chrono Boost)  
  21  4:07  Assimilator  
  22  4:14  Probe (Chrono Boost)  
  23  4:26  Nexus  
  23  4:32  Adept  
  23  4:35  Probe (Chrono Boost)  
  28  4:48  Mothership Core (Chrono Boost)  
  28  5:04  Pylon  
  27  5:17  Stargate x2  
  27  5:23  Pylon  
  27  5:26  Pylon  
  27  5:34  Probe (Chrono Boost)  
  28  5:47  Probe (Chrono Boost)  
  29  5:57  Probe (Chrono Boost)  
  29  6:00  Probe (Chrono Boost)  
  31  6:08  Probe (Chrono Boost)  
  31  6:12  Probe (Chrono Boost)  
  31  6:15  Void Ray x2  
  40  6:18  Probe (Chrono Boost)  
  40  6:21  Pylon  
  40  6:28  Assimilator  
  40  6:29  Probe (Chrono Boost)  
  40  6:30  Probe (Chrono Boost), Assimilator  
  42  6:39  Probe (Chrono Boost)  
  43  6:50  Pylon  
  43  6:51  Probe (Chrono Boost)  
  43  6:52  Probe (Chrono Boost)  
  45  6:57  Void Ray  
  45  7:00  Void Ray  
  53  7:10  Photon Cannon  
  53  7:19  Pylon  
  53  7:25  Photon Cannon, Probe (Chrono Boost)  
  53  7:26  Probe (Chrono Boost)  
  55  7:40  Void Ray  
  59  7:45  Void Ray  
  61  8:07  Probe (Chrono Boost)  
  61  8:11  Probe (Chrono Boost)  
  63  8:18  Probe (Chrono Boost)  
  64  8:20  Pylon  
  64  8:23  Void Ray, Probe (Chrono Boost)  
  69  8:53  Void Ray  
  73  9:06  Void Ray  
  77  9:12  Photon Cannon  
  77  9:23  Photon Cannon  
  77  9:25  Pylon  
  77  9:31  Photon Cannon  
  77  9:34  Photon Cannon  
  77  9:36  Void Ray  
  82  9:39  Probe (Chrono Boost)  
  82  9:49  Void Ray  
  87  9:53  Probe (Chrono Boost)  
  87  9:55  Probe (Chrono Boost)  
  88  10:05  Probe (Chrono Boost)  
  89  10:19  Void Ray  
  93  11:02  Void Ray x2  
  101  11:08  Robotics Facility  
  101  11:10  Robotics Facility  
  93  11:50  Void Ray  
  93  11:51  Void Ray  
  101  11:57  Robotics Bay  
  101  12:02  Nexus  
  101  12:04  Photon Cannon  
  101  12:06  Photon Cannon  
  101  12:09  Photon Cannon  
  101  12:14  Photon Cannon  
  101  12:19  Probe (Chrono Boost)  
  102  12:57  Extended Thermal Lance  
  102  13:00  Pylon  
  102  13:02  Pylon  
  102  13:04  Pylon  
  102  13:06  Pylon  
  102  13:09  Colossus x2  
  114  13:22  Pylon  
  114  13:23  Pylon  
  114  13:28  Assimilator  
  114  13:32  Assimilator  
  114  13:42  Pylon  
  114  13:44  Pylon  
  114  13:56  Colossus x2  
  122  14:27  Robotics Facility  
  122  14:28  Void Ray  
  126  14:38  Void Ray  
  126  14:42  Probe (Chrono Boost), Colossus x2  
  143  14:53  Probe (Chrono Boost)  
  144  15:29  Colossus x2  
  146  15:41  Observer  
  153  15:55  Gateway x2  
  153  15:59  Gateway  
  153  16:01  Gateway  
  153  16:03  Gateway  
  153  16:04  Pylon x2  
  153  16:20  Colossus x2  
  153  16:29  Void Ray  
Show
View Real Time Build Order
Export as new Build Order

Shiek Terran 

Build Orders:  

Get SALT Encoding   

  12  0:01  SCV  
  13  0:13  SCV  
  14  0:19  Supply Depot  
  14  0:25  SCV  
  15  0:31  Refinery  
  15  0:41  SCV  
  16  0:46  Barracks  
  16  0:53  SCV  
  17  1:09  SCV  
  18  1:22  SCV  
  19  1:33  Marine  
  19  1:34  SCV  
  13  2:10  SCV  
  12  2:18  Supply Depot  
  12  2:21  Marine  
  12  2:22  SCV  
  14  2:34  SCV  
  15  2:46  SCV  
  15  2:48  Barracks  
  15  2:50  Marine  
  17  3:01  SCV  
  18  3:25  Marine  
  19  3:29  SCV  
  19  3:31  Supply Depot  
  20  3:35  Marine  
  21  3:43  Factory  
  21  3:44  SCV  
  22  4:02  SCV  
  23  4:06  Supply Depot  
  23  4:14  SCV  
  24  4:21  Command Center  
  24  4:29  Orbital Command  
  24  4:34  Factory Tech Lab  
  24  4:40  Barracks Tech Lab  
  24  4:52  Starport  
  24  5:12  SCV, Refinery  
  24  5:14  Marine  
  26  5:24  SCV  
  26  5:25  Siege Tank  
  26  5:26  Marine  
  31  5:33  Supply Depot  
  32  5:36  SCV  
  33  5:45  Orbital Command  
  32  5:55  Marine x2  
  32  5:56  SCV  
  35  6:02  Medivac  
  37  6:08  SCV  
  38  6:11  Supply Depot  
  38  6:15  Supply Depot  
  38  6:17  Barracks Reactor  
  38  6:25  SCV x2  
  40  6:35  Supply Depot  
  40  6:37  SCV  
  41  6:45  Orbital Command  
  41  6:59  Marine x2  
  41  7:00  Marauder  
  45  7:06  Engineering Bay, Supply Depot  
  45  7:11  Supply Depot, SCV x2  
  45  7:13  Medivac, Siege Tank  
  52  7:22  Marauder  
  54  7:23  Stimpack  
  54  7:25  SCV x2  
  54  7:28  Marine  
  57  7:37  SCV  
  57  7:38  Missile Turret  
  57  7:41  Marine  
  57  7:43  SCV  
  60  7:46  Missile Turret  
  60  7:50  SCV  
  61  7:55  SCV  
  56  8:00  Marine x2  
  56  8:04  SCV  
  55  8:06  Barracks  
  55  8:07  SCV, Barracks  
  55  8:09  Supply Depot  
  55  8:11  Starport Reactor  
  56  8:15  Supply Depot  
  56  8:21  Marine x2  
  56  8:22  Marine  
  56  8:24  Widow Mine  
  56  8:26  SCV x2  
  63  8:38  Supply Depot  
  56  8:51  Marine x2  
  56  8:52  Marine  
  56  8:53  Medivac x2, Widow Mine  
  65  8:55  Marine  
  65  8:56  Marine  
  64  9:08  SCV x2  
  64  9:09  Marine x3  
  68  9:12  Refinery  
  68  9:13  Marine x2  
  71  9:18  Barracks  
  71  9:27  Marine x2  
  71  9:28  Medivac  
  75  9:42  Barracks Reactor x2, Marine  
  75  9:44  SCV x2  
  75  9:45  Marine x2  
  80  9:56  Engineering Bay  
  80  9:57  Engineering Bay  
  80  10:03  Marine x3  
  83  10:08  Command Center  
  83  10:09  Refinery x2  
  83  10:14  Combat Shields  
  83  10:16  Barracks Reactor  
  83  10:21  Marine  
  79  10:35  Medivac  
  79  10:36  Marine x2  
  79  10:37  Marine  
  80  11:01  Marine x3  
  80  11:03  Marine x4  
  77  11:27  Marine x4  
  77  11:28  Marine x3  
  80  11:37  SCV x2  
  79  11:48  Marine x4  
  83  12:13  Marine  
  83  12:15  Command Center, Marine  
  85  12:20  SCV  
  85  12:21  SCV  
  87  12:31  Missile Turret  
  87  12:33  Marine x2  
  87  12:34  Marine  
  87  12:35  Marine  
  91  12:39  Supply Depot  
  91  12:40  Terran Infantry Weapons Level 1  
  91  12:42  Terran Infantry Armor Level 1  
  87  13:07  Medivac x2, Marine x3  
  87  13:08  Marine x4  
  98  13:13  Factory Reactor  
  98  13:16  Missile Turret  
  98  13:25  Marine x2  
  100  13:28  Marine x3  
  100  13:29  Marine x2  
  100  13:30  SCV  
  107  13:34  Starport  
  107  13:39  Orbital Command  
  106  13:42  SCV  
  106  13:43  Marine  
  108  13:54  SCV  
  108  13:55  Widow Mine x2  
  109  13:57  Marine x4  
  109  13:58  Marine x2  
  115  14:14  Missile Turret, Command Center  
  115  14:24  Sensor Tower  
  115  14:26  Refinery  
  115  14:29  Refinery  
  115  14:43  Supply Depot  
  115  15:02  Sensor Tower  
  115  15:04  SCV  
  116  15:16  SCV  
  117  15:27  Starport Reactor  
  117  15:28  SCV  
  117  15:31  Marine x4  
  117  15:32  Supply Depot, Marine  
  122  15:40  SCV  
  123  15:45  Widow Mine x2  
  127  15:50  Sensor Tower  
  127  15:53  SCV  
  128  15:59  Marine  
  128  16:00  Marine x5  
  134  16:08  Orbital Command  
  134  16:13  SCV  
  135  16:25  SCV  
  136  16:37  Supply Depot, SCV x2  
  136  16:39  Supply Depot  
Tags
 
Add a new tag
Caveats
  • Supply blocks, unpowered buildings, or Contaminate may cause inaccurate times.
  • Supply counts are checked every 10 seconds.